 Dungeon Crawl Stone Soup version 0.20-a0-556-g892c87b (webtiles) character file.

483 drasked the Magician (level 6, -5/32 HPs)
             Began as a Deep Elf Fire Elementalist on Feb 6, 2017.
             Killed by nerve-wracking pain
             ... invoked by an orc priest
              (14 damage)
             ... on level 5 of the Dungeon.
             The game lasted 00:15:00 (4597 turns).

drasked the Magician (Deep Elf Fire Elementalist)   Turns: 4597, Time: 00:15:01

Health: -5/32      AC:  6    Str:  5    XL:     6   Next: 88%
Magic:  2/16       EV: 13    Int: 22    God:
Gold:   236        SH:  0    Dex: 15    Spells: 3/16 levels left

rFire    . . .     SeeInvis .   d - +0 dagger
rCold    . . .     Gourm    .   j - +2 animal skin
rNeg     . . .     Faith    .   (no shield)
rPois    .         Spirit   .   k - +0 helmet (curse)
rElec    .         Reflect  .   (no cloak)
rCorr    .         Harm     .   (no gloves)
MR       .....                  f - +0 pair of boots
Stlth    ++........             (no amulet)
Regen    0.1/turn               (no ring)
                                (no ring)

@: no status effects
A: no striking features
a: no special abilities


You were on level 5 of the Dungeon.
You were not hungry.

You visited 1 branch of the dungeon, and saw 5 of its levels.

You collected 236 gold pieces.

Inventory:

Hand Weapons
 d - a +0 dagger (weapon)
   (You took it off a goblin on level 1 of the Dungeon)
 q - a cursed -2 long sword
   (You found it on level 4 of the Dungeon)
Missiles
 i - a throwing net {=f, !d}
Armour
 a - a +0 robe
 f - a +0 pair of boots (worn)
   (You found it on level 1 of the Dungeon)
 j - a +2 animal skin (worn)
   (You took it off Robin on level 2 of the Dungeon)
 k - a cursed +0 helmet (worn)
   (You took it off Robin on level 2 of the Dungeon)
Jewellery
 l - a +3 ring of protection {unknown}
   (You took it off a goblin on level 2 of the Dungeon)
Wands
 t - a wand of scattershot (3/9)
   (You found it on level 3 of the Dungeon)
 A - a wand of flame (31/48)
   (You found it on level 4 of the Dungeon)
Scrolls
 h - 7 scrolls of identify {unknown}
 m - 5 scrolls of remove curse {unknown}
 p - 3 scrolls of amnesia {unknown}
 u - a scroll of fog {unknown}
 y - a scroll of recharging {unknown}
 B - a scroll of enchant armour {unknown}
 C - a scroll of magic mapping {unknown}
 E - a scroll of noise {unknown}
Potions
 e - a potion of curing {unknown}
 g - 2 potions of might {unknown}
 n - 2 potions of lignification {unknown}
 o - a potion of degeneration {unknown}
 r - 2 potions of brilliance {unknown}
 v - a potion of ambrosia {unknown}
 w - a potion of flight {unknown}
 x - 2 potions of haste {unknown}
Books
 b - a book of Flames
Comestibles
 c - 4 bread rations {@e1}
 s - 4 meat rations {@e2}
 z - 3 fruits
 D - a chunk of flesh {@w0}


   Skills:
 - Level 2.4 Dodging
 - Level 2.4 Stealth
 + Level 5.8 Spellcasting
 * Level 5.2 Conjurations
 + Level 5.2 Fire Magic


You had 3 spell levels left.
You knew the following spells:

 Your Spells              Type           Power        Failure   Level  Hunger
a - Flame Tongue          Conj/Fire      ####.        1%          1    None
c - Conjure Flame         Conj/Fire      ####....     3%          3    ##.....
f - Fireball              Conj/Fire      ####......   34%         5    #####..
s - Sticky Flame          Conj/Fire      ####....     12%         4    ####...


Dungeon Overview and Level Annotations

Branches:
Dungeon (5/15)
 Temple: D:4-7

Altars:
Cheibriados
Gozag


Message History

You butcher the frilled lizard corpse.
v - 5 chunks of flesh {@w0} (gained 1)
You start resting.
Some of the chunks of flesh in your inventory have rotted away.
Eating a chunk of flesh {@w0}.
You eat the chunk of flesh {@w0}.
Things that are here:
a club; a scale mail; an orc corpse; MP restored: 16
v - a ruby potion You now have 236 gold pieces (gained 16).
h - 7 scrolls labeled RYOTACS NION (gained 1)
Found an escape hatch in the ceiling.
There is an escape hatch in the ceiling here.
An adder comes into view.
There is a stone staircase leading up here.
The adder hisses angrily.
You can't see any susceptible monsters within range! (Use Z to cast anyway.)
Aim: an adder The flame tongue hits the adder.
You now have 15/16 mp.
Aim: an adder (lightly wounded)
The flame tongue hits the adder.
The adder closely misses you.
You now have 14/16 mp.
Aim: an adder (heavily wounded)
The flame tongue hits the adder.
You kill the adder!
You now have 13/16 mp.
You see here an adder corpse.
You butcher the adder corpse.
D - a chunk of flesh {@w0}
There is a stone staircase leading up here.
MP restored: 16 An orc is nearby!
An orc is nearby!
An orc is nearby!
Aim: an orc, wielding a mace and wearing a scale mail The flame tongue hits the orc.
A quokka zombie comes into view.
You now have 15/16 mp.
Aim: an orc, wielding a mace and wearing a scale mail (moderately wounded)
The flame tongue hits the orc.
The orc appears unharmed.
You now have 14/16 mp.
Aim: an orc, wielding a mace and wearing a scale mail (moderately wounded)
The flame tongue hits the orc.
The orc appears unharmed.
The orc closely misses you.
You now have 13/16 mp.
Aim: an orc, wielding a mace and wearing a scale mail (moderately wounded)
The flame tongue hits the orc.
You kill the orc!
You now have 12/16 mp.
Things that are here:
a mace; a scale mail
Aim: a quokka zombie The flame tongue hits the quokka zombie.
Aim: a quokka zombie (severely damaged)
The flame tongue hits the quokka zombie.
You destroy the quokka zombie!
You now have 11/16 mp.
A worker ant comes into view.
The worker ant twitches its antennae in your direction.
Aim: a worker ant The flame tongue hits the worker ant.
Aim: a worker ant (moderately wounded)
The flame tongue hits the worker ant.
You now have 10/16 mp.
Aim: a worker ant (almost dead)
The flame tongue hits the worker ant.
You kill the worker ant!
You now have 9/16 mp.
E - a scroll labeled SANEMMA CAYN The orc wizard shouts!
The orc wizard is too close now for your liking.
Aim: an orc wizard, wielding a dagger and wearing a robe The flame tongue hits the orc wizard.
The orc priest invokes the aid of Beogh against you.
Beogh smites you!
You take 13 damage, and have 19/32 hp.
MASSIVE DAMAGE!!
You now have 10/16 mp.
A hound zombie comes into view.
Aim: an orc wizard, wielding a dagger and wearing a robe (lightly wounded)
The sticky flame hits the orc wizard.
The orc wizard appears unharmed.
The orc wizard is covered in liquid flames!
The orc wizard burns!
The orc wizard closely misses you.
You now have 7/16 mp.
Aim: an orc wizard, wielding a dagger and wearing a robe (moderately wounded, covered in liquid flames)
The flame tongue hits the orc wizard.
You kill the orc wizard!
The orc priest calls down the wrath of Beogh upon you.
Beogh smites you!
* * * LOW HITPOINT WARNING * * *
You take 11 damage, and have 9/32 hp.
MASSIVE DAMAGE!!
You now have 6/16 mp.
Aim: an orc priest, wielding a falchion and wearing a leather armour The sticky flame hits the orc priest.
The orc priest is covered in liquid flames!
The orc priest burns!
The orc priest invokes the aid of Beogh against you.
Pain shoots through your body!
You die...

#####....)#.##..#..###...........
#.....)......................
#........#..#..###.†.........
#......#....##...............
#......##.####..............#
#......##...##..............#
#......####..#....#........# #
#####..............#........
####..........##@.............
.....#.........##o#...........
.................Z...........
######............####.....
#.........o### ..... #....).Z..#
#.... ##.......## .. [...>.?..
.....


You could see an orc priest (burning) and a hound zombie.

Vanquished Creatures
  An ogre (D:5)
  An orc wizard (D:5)
  Natasha (thrice) (D:3)
  3 worker ants
  Robin (D:2)
  9 adders
  An ooze (D:2)
  4 worms
  3 dart slugs
  3 leopard geckos
  7 orcs
  4 ball pythons
  5 bats
  4 giant cockroaches
  22 goblins
  8 hobgoblins
  9 jackals
  A quokka (D:4)
  4 frilled lizards
  A jackal skeleton (D:4)
  4 kobolds
  A quokka zombie (D:5)
  11 rats
110 creatures vanquished.

Notes
Turn   | Place    | Note
-------+----------+-------------------------------------------
     0 | D:1      | drasked the Deep Elf Fire Elementalist began the quest for the Orb.
     0 | D:1      | Reached XP level 1. HP: 10/10 MP: 6/6
   289 | D:1      | Reached XP level 2. HP: 15/15 MP: 4/8
  1014 | D:2      | Reached skill level 2 in Conjurations
  1065 | D:2      | Reached XP level 3. HP: 19/19 MP: 7/10
  1068 | D:2      | Noticed Robin
  1208 | D:2      | Killed Robin
  1208 | D:2      | Reached skill level 4 in Fire Magic
  1325 | D:2      | Reached skill level 4 in Spellcasting
  1331 | D:2      | Learned a level 3 spell: Conjure Flame
  1367 | D:2      | Reached XP level 4. HP: 14/24 MP: 4/12
  1373 | D:2      | Learned a level 4 spell: Sticky Flame
  1892 | D:2      | Reached skill level 3 in Conjurations
  2614 | D:3      | Noticed Natasha
  2616 | D:3      | Killed Natasha
  2616 | D:3      | Reached XP level 5. HP: 28/28 MP: 10/13
  2723 | D:3      | Noticed Natasha
  2734 | D:3      | Killed Natasha
  2778 | D:3      | Noticed Natasha
  2789 | D:3      | Killed Natasha
  2789 | D:3      | Reached skill level 4 in Conjurations
  2790 | D:3      | Reached skill level 5 in Spellcasting
  3587 | D:4      | Learned a level 5 spell: Fireball
  3768 | D:4      | Found an opulent altar of Gozag.
  3768 | D:4      | Found a snail-covered altar of Cheibriados.
  3789 | D:4      | Reached XP level 6. HP: 32/32 MP: 11/15
  4074 | D:5      | Entered Level 5 of the Dungeon
  4156 | D:5      | Reached skill level 5 in Fire Magic
  4360 | D:5      | Reached skill level 5 in Conjurations
  4597 | D:5      | Killed from afar by an orc priest

Vault maps used:
D:1:      minmay_arrival_stair_chambers
D:2:      item_on_display_a, uniq_robin
D:3:      first_bread, uniq_natasha
D:4:      gammafunk_temple_overflow_wave, serial_bayou_pond_e

Skill      XL: |  1  2  3  4  5  6 |
---------------+-------------------+-----
Conjurations   | 2 3 4 5 |  5.2
Fire Magic     | 4 5 |  5.2
Spellcasting   | 4 5 |  5.8
Dodging        | |  2.4
Stealth        | |  2.4

Action                   |  1- 3 |  4- 6 || total
-------------------------+-------+-------++-------
Melee: Dagger            |     1 |     2 ||     3
 Cast: Flame Tongue      |    64 |   159 ||   223
       Sticky Flame      |       |     6 ||     6
       Conjure Flame     |       |     2 ||     2
  Eat: Chunk             |     1 |    11 ||    12
Armor: Robe              |     7 |     8 ||    15
       Animal skin       |       |    12 ||    12
Dodge: Dodged            |    38 |    70 ||   108

Vault maps used:
D:1:      minmay_arrival_stair_chambers
D:2:      item_on_display_a, uniq_robin
D:3:      first_bread, uniq_natasha
D:4:      gammafunk_temple_overflow_wave, serial_bayou_pond_e

Table legend:
 A = Turns spent in this place as a percentage of turns spent in the entire game.
 B = Non-inter-level travel turns spent in this place as a percentage of non-inter-level travel turns spent in the entire game.
 C = Inter-level travel turns spent in this place as a percentage of turns spent in this place.
 D = Turns resting spent in this place as a percentage of non-inter-level travel turns spent in this place.
 E = Turns spent auto-exploring this place as a percentage of non-inter-level travel turns spent in this place.
 F = Non-inter-level travel turns spent in this place divided by the number of levels of this place that you've seen.
                   A       B       C       D       E      F
               +-------+-------+-------+-------+-------+----------------------
         Total | 100.0 | 100.0 |   0.4 |   2.7 |   9.8 | 276.6
       Dungeon | 100.0 | 100.0 |   0.4 |   2.7 |   9.8 | 276.6
               +-------+-------+-------+-------+-------+----------------------

Table legend:
 A = Kills in this place as a percentage of kills in entire the game.
 B = Kills by you in this place as a percentage of kills by you in the entire game.
 C = Kills by friends in this place as a percentage of kills by friends in the entire game.
 D = Other kills in this place as a percentage of other kills in the entire game.
 E = Experience gained in this place as a percentage of experience gained in the entire game.
 F = Experience gained in this place divided by the number of levels of this place that you have seen.
                   A       B       C       D       E      F
               +-------+-------+-------+-------+-------+----------------------
         Total | 100.0 | 100.0 |  -nan |  -nan | 100.0 | 138.2
       Dungeon | 100.0 | 100.0 |  -nan |  -nan | 100.0 | 138.2
               +-------+-------+-------+-------+-------+----------------------
